 Dungeon Crawl Stone Soup version 0.31-a0-237-g2d982f9f85 (webtiles) character file.

Game seed: 7872855832837885907

7 qw the Shooter (level 2, 0/16 HPs)
             Began as a Gargoyle Hexslinger on July 11, 2023.
             Slain by an endoplasm (3 damage)
             ... on level 1 of the Dungeon.
             The game lasted 00:00:03 (66 turns).

qw the Shooter (Gargoyle Hexslinger)                  Turns: 66, Time: 00:00:03

Health: 0/16       AC:  4    Str: 11    XL:     2   Next: 4%
Magic:  3/3        EV: 12    Int: 13    God:
Gold:   0          SH:  0    Dex: 12    Spells: 2/3 levels left

rFire   . . .        a - +1 sling
rCold   . . .        (no shield)
rNeg    + . .        c - +0 robe
rPois   inf          (no helmet)
rElec   +            (no cloak)
rCorr   .            (no gloves)
SInv    .            (no boots)
Will    .....        (no amulet)
Stlth   +            (no ring)
HPRegen 0.22/turn    (no ring)
MPRegen 0.08/turn

%: no passive effects
@: no status effects
A: sickness immunity, AC +2, negative energy resistance 1, electricity
resistance, torment resistance 1, petrification resistance
a: no special abilities


You were on level 1 of the Dungeon.
You visited 1 branch of the dungeon, and saw 1 of its levels.


Innate Abilities, Weirdness & Mutations

You are immune to sickness and miasma.
Your stone body is resilient. (AC +2)
You are immune to poison.
You resist negative energy. (rN+)
You are resistant to electric shocks. (rElec)
You are resistant to unholy torment.
You are immune to petrification.


   Skills:
 - Level 1.1 Fighting
 + Level 2.7 Ranged Weapons
 - Level 1.5 Dodging
 - Level 1.0 Spellcasting
 - Level 2.6 Hexes


You had 2 spell levels left.
You knew the following spells:

 Your Spells              Type           Power      Damage    Failure   Level
a - Slow                  Hex            28%        N/A       10%         1

Your spell library contained the following spells:

 Spells                   Type           Power      Damage    Failure   Level
 Inner Flame              Hex/Fire       4%         N/A       43%         3
 Portal Projectile        Hex/Tloc       8%         N/A       43%         3
 Cause Fear               Hex            3%         N/A       67%         4

Inventory:

Hand Weapons
 a - a +1 sling (weapon)
Armour
 c - a +0 robe (worn)
Scrolls
 b - a scroll of poison

Dungeon Overview and Level Annotations

Branches:
Dungeon (1/15)

Altars:


Message History

The rat barely misses you. The frilled lizard barely misses you.
You shoot a sling bullet. The sling bullet hits the rat.
You kill the rat!
The frilled lizard misses you. The frilled lizard barely misses you.
You have reached level 2!
You shoot a sling bullet.
The sling bullet hits the frilled lizard!
You kill the frilled lizard!
You start resting.
HP restored.
Found a stone staircase leading down.
An endoplasm and a kobold come into view.
Found 12 gold pieces and a scroll labelled AGERIU OKIPPU.
The kobold shouts!
You shoot a sling bullet. The endoplasm quivers.
The sling bullet hits the kobold.
The kobold is moderately wounded.
You shoot a sling bullet.
The sling bullet barely misses the kobold.
You shoot a sling bullet. The sling bullet misses the kobold.
The sling bullet hits the endoplasm.
The endoplasm is moderately wounded.
You shoot a sling bullet.
The sling bullet hits the kobold but does no damage.
The kobold is moderately wounded.
You shoot a sling bullet.
The sling bullet hits the kobold but does no damage.
The kobold is moderately wounded.
The kobold hits you with a +0 whip.
You shoot a sling bullet.
The sling bullet barely misses the endoplasm.
The kobold hits you with a +0 whip. The endoplasm freezes you.
You are frozen.
You shoot a sling bullet.
The sling bullet hits the endoplasm but does no damage.
The endoplasm is moderately wounded.
The kobold misses you. The endoplasm hits you.
You die...

#?...$.....#
#..........#
#..........
#........#
####....>...##
.............#
#....JK....#
#.....@....#
#..........#
#..........#
##........##
.########........##
....................
.......%.###########
......).########
.......#....[...


You could see an endoplasm and a kobold.

Vanquished Creatures
  2 ball pythons (D:1)
  An endoplasm (D:1)
  A frilled lizard (D:1)
  A goblin (D:1)
  3 rats (D:1)
8 creatures vanquished.

Notes
Turn   | Place    | Note
-------+----------+-------------------------------------------
     0 | D:1      | qw the Gargoyle Hexslinger began the quest for the Orb.
     0 | D:1      | Reached XP level 1. HP: 12/12 MP: 2/2
     0 | D:1      | 0 ||| qw: Version: 0.3-a-52-g30416fa
     0 | D:1      | 0 ||| qw: Game counter: 5750
     0 | D:1      | 0 ||| qw: Melee chars always use a shield: true
     0 | D:1      | 0 ||| qw: God list: Okawaru
     0 | D:1      | 0 ||| qw: Allow faded altars: false
     0 | D:1      | 0 ||| qw: Do Orc after clearing Dungeon:15 true
     0 | D:1      | 0 ||| qw: Do second Lair branch before Depths: true
     0 | D:1      | 0 ||| qw: Lair rune preference: random
     0 | D:1      | 0 ||| qw: Goals: Normal
     0 | D:1      | 0 ||| PLANNING D:1-11
    32 | D:1      | Reached XP level 2. HP: 11/16 MP: 3/3
    65 | D:1      | HP: 3/16 [frozen (5)]
    66 | D:1      | Slain by an endoplasm

Levels and vault maps discovered:
D:1:      ebering_trefoil_twist, layout_rooms

Action                     || total
---------------------------++-------
   Fire: Sling             ||    19
 Armour: Robe              ||     5
  Dodge: Dodged            ||    15

Table legend:
 A = Non-vault XP
 B = Vault XP
 C = Vault XP percentage of total XP
 D = Non-vault monster count
 E = Vault monster count
 F = Vault count percentage of total count
                 A         B        C        D         E       F
            +---------+---------+-------+---------+---------+-------
      Total |      11 |       0 |   0.0 |       8 |       0 |   0.0
            +---------+---------+-------+---------+---------+-------
        D:1 |      11 |       0 |   0.0 |       8 |       0 |   0.0
            +---------+---------+-------+---------+---------+-------
